 Dungeon Crawl Stone Soup version 0.29-a0-321-gf1c400731a (webtiles) character file.

Game seed: 626779412513296521

18 kae the Firebug (level 2, -4/16 HPs)
             Began as a Tengu Fire Elementalist on Apr 4, 2022.
             Slain by an orc
             ... wielding a +0 hand axe
              (5 damage)
             ... on level 1 of the Dungeon.
             The game lasted 00:01:08 (1384 turns).

kae the Firebug (Tengu Fire Elementalist)           Turns: 1384, Time: 00:01:09

Health: -4/16      AC:  2    Str:  8    XL:     2   Next: 70%
Magic:  2/6        EV: 12    Int: 15    God:
Gold:   36         SH:  0    Dex: 14    Spells: 2/5 levels left

rFire   . . .      SeeInvis .   (no weapon)
rCold   . . .      Faith    .   (no shield)
rNeg    . . .      Spirit   .   a - +0 robe
rPois   .          Reflect  .   (helmet restricted)
rElec   .          Harm     .   (no cloak)
rCorr   .          Rampage  .   (no gloves)
Will    .....                   (boots unavailable)
Stlth   ++........              (no amulet)
HPRegen 0.05/turn               (no ring)
MPRegen 0.10/turn               (no ring)

@: brilliant
A: beak, talons 3
a: no special abilities


You were on level 1 of the Dungeon.
You visited 1 branch of the dungeon, and saw 2 of its levels.

You collected 36 gold pieces.

Inventory:

Armour
 a - a +0 robe (worn)
Jewellery
 e - a +6 ring of dexterity
Potions
 b - a potion of magic
 f - a potion of mutation
 h - a potion of lignification {unknown}
 j - a potion of curing {unknown}


   Skills:
 + Level 0.5 Fighting
 + Level 0.6 Armour
 + Level 2.3 Dodging
 - Level 2.0 Stealth
 + Level 2.1 Spellcasting
 + Level 1.7 Conjurations
 * Level 3.7 Fire Magic


You had 2 spell levels left.
You knew the following spells:

 Your Spells              Type           Power      Damage    Failure   Level
a - Foxfire               Conj/Fire      56%        2x1d6     7%          1
b - Scorch                Fire           38%        2d7       7%          2

Your spell library contained the following spells:

 Spells                   Type           Power      Damage    Failure   Level
 Conjure Flame            Conj/Fire      14%        6-21      22%         3
 Inner Flame              Hex/Fire       10%        N/A       30%         3
 Flame Wave               Conj/Fire      14%        2d6       56%         4


Dungeon Overview and Level Annotations

Branches:
Dungeon (2/15)

Altars:


Innate Abilities, Weirdness & Mutations

You have a beak for a mouth.
You have claws for feet.


Message History

The jackal attacks as you move away! The jackal misses you.
An orc comes into view. It is wielding a +0 hand axe.
Found 2 fizzy ruby potions and 2 potions of brilliance.
Found a stone staircase leading down.
An endoplasm comes into view.
Found a fizzy red potion.
The jackal closely misses you.
Your magical contamination has completely faded away.
Found a scroll labelled WEGEQIURHA.
Found a stone staircase leading down.
The jackal bites you but does no damage.
There is a stone staircase leading up here.
The jackal bites you. The jackal closely misses you.
The orc hits you with a +0 hand axe.
You climb upwards.
There is a stone staircase leading down here.
Casting: Foxfire (safe; 7% risk of failure)
Confirm with . or Enter, or press ? or * to list all spells.
You feel a surge of power!
You conjure some foxfire!
The jackal misses you. The jackal closely misses you. The orc misses you.
The orc hits your foxfire with a +0 hand axe.
The foxfire hits the orc.
The orc is lightly wounded.
The jackal barely misses you. The jackal bites you. x2
The jackal closely misses you. The orc barely misses you.
Casting: Foxfire (safe; 7% risk of failure)
Confirm with . or Enter, or press ? or * to list all spells.
You feel a surge of power!
You conjure some foxfire!
The jackal barely misses you. x2; The orc hits you with a +0 hand axe.
The orc hits your foxfire with a +0 hand axe.
The foxfire hits the orc.
The orc is severely wounded.
The jackal bites you but does no damage.
The jackal bites you.
* * * LOW HITPOINT WARNING * * *
The orc hits you with a +0 hand axe.
* * * LOW HITPOINT WARNING * * *
The jackal completely misses you. The jackal closely misses you.
The jackal attacks as you move away! The jackal bites you.
* * * LOW HITPOINT WARNING * * *
The orc hits you with a +0 hand axe.
You die...

♣P#P##
#.........#
.♣P#.♣
#.........#
...<♣#
#.........#
.♣P#.♣
######.#.##
♣P#P## #.#.#
###########
#...#
..........#
##.h#
###..####.###
#oh# # #..#
#...# ##@# #
#..######.# #.#
#
#.........####.#
#
#............[.#
#
#...############
# #####


You could see an orc and 2 jackals.

Vanquished Creatures
  2 giant cockroaches (D:1)
  3 hobgoblins
  2 jackals (D:2)
  3 kobolds (D:1)
  4 bats (D:1)
  A goblin (D:1)
  A rat (D:1)
16 creatures vanquished.

Vanquished Creatures (others)
  47 foxfires
47 creatures vanquished.

Grand Total: 63 creatures vanquished

Notes
Turn   | Place    | Note
-------+----------+-------------------------------------------
     0 | D:1      | kae the Tengu Fire Elementalist began the quest for the
                  | Orb.
     0 | D:1      | Reached XP level 1. HP: 10/10 MP: 4/4
   386 | D:1      | Reached XP level 2. HP: 16/16 MP: 3/6
   440 | D:1      | Found a faded altar of an unknown god.
  1261 | D:2      | Learned a level 2 spell: Scorch
  1384 | D:1      | Slain by an orc

Illustrated notes

Levels and vault maps discovered:
D:1:      tarquinn_simple_flora_water_d, layout_basic,
          ebering_ecumenical_altar_webs, nrook_campfire
D:2:      layout_rooms

Action                   || total
-------------------------++-------
Melee: Unarmed           ||    40
       Kick              ||    10
       Peck              ||     8
 Cast: Foxfire           ||    31
  Use: Scroll            ||     4
       Potion            ||     1
 Stab: Sleeping          ||     2
Armor: Robe              ||    27
Dodge: Dodged            ||    76

Table legend: (Time is in decaauts)
 A = Elapsed time spent in this place.
 B = Non-inter-level travel time spent in this place.
 C = Inter-level travel time spent in this place.
 D = Time resting spent in this place.
 E = Time spent auto-exploring this place.
 F = Levels seen in this place.
 G = Mean time per level.
                   A        B        C        D        E       F      G
               +--------+--------+--------+--------+--------+-----+--------+
         Total |   1384 |   1341 |     43 |      0 |   1151 |   2 |  692.0 |
       Dungeon |   1384 |   1341 |     43 |      0 |   1151 |   2 |  692.0 |
               +--------+--------+--------+--------+--------+-----+--------+

Top non-repeatable levels by time:
     D:1: 1262 daAuts
     D:2: 121 daAuts
